 Dungeon Crawl Stone Soup version 0.32-a0-141-g04fe69798e (webtiles) character file.

Game seed: 13744556442804811339

1889 Kenran the Skirmisher (level 8, -5/37 HPs)
             Began as a Spriggan Hunter on Feb 11, 2024.
             Asphyxiated
             ... on level 5 of the Dungeon.
             The game lasted 00:09:41 (4986 turns).

Kenran the Skirmisher (Spriggan Hunter)             Turns: 4986, Time: 00:09:41

Health: -5/37      AC:  2    Str:  7    XL:     8   Next: 92%
Magic:  9/9        EV: 20    Int: 11    God:
Gold:   396        SH:  0    Dex: 20    Spells: 7/7 levels left

rFire   . . .        a - +0 shortbow
rCold   . . .        (shield currently unavailable)
rNeg    . . .        c - +0 robe
rPois   .            (helmet currently unavailable)
rElec   .            (cloak currently unavailable)
rCorr   .            (gloves unavailable)
SInv    +            (boots unavailable)
Will    ++...        (no amulet)
Stlth   ++           r - ring of willpower
HPRegen 0.26/turn    (no ring)
MPRegen 0.11/turn

%: no passive effects
@: mighty, brilliant, lethally poisoned (-5 -> -22), beast-form, slowed,
invisible, quick
A: beast (slay +2), very small, no large weapons, unfitting armour, see
invisible, speed 3
a: Begin Untransformation


You were on level 5 of the Dungeon.
You were a hulking beast.
You visited 1 branch of the dungeon, and saw 6 of its levels.
You also visited: Sewer.

You collected 396 gold pieces.

Inventory:

Hand Weapons
 a - a +0 shortbow (weapon)
Missiles
 n - a throwing net
Armour
 c - a +0 robe (worn)
Jewellery
 m - a ring of ice
 r - a ring of willpower (left hand)
Talismans
 h - a beast talisman (active)
Wands
 p - a wand of mindburst (16)
Scrolls
 b - a scroll of butterflies
 f - 2 scrolls of blinking
 g - a scroll of immolation {unknown}
 j - a scroll of silence
 k - 2 scrolls of teleportation {unknown}
 l - a scroll of enchant armour
 o - 2 scrolls of fear {unknown}
 u - a scroll of revelation
 v - a scroll of brand weapon
 x - a scroll of enchant weapon
 y - a scroll of vulnerability {!r}
 z - 3 scrolls of fog
Potions
 d - 3 potions of brilliance
 e - a potion of enlightenment {unknown}
 i - 3 potions of might
 q - 3 potions of mutation {unknown}
 s - a potion of heal wounds {unknown}
 t - 2 potions of invisibility
 w - a potion of haste {unknown}
 A - a potion of cancellation {unknown}


   Skills:
 - Level 1.5 Fighting
 * Level 11.3 Ranged Weapons
 - Level 5.0 Dodging
 - Level 1.5 Stealth
 - Level 4.0 Shapeshifting


You had 7 spell levels left.
You didn't know any spells.
Your spell library contained the following spells:

 Spells                   Type           Power      Damage    Failure   Level
 Kiss of Death            Conj/Necr      0%         2d5       34%         1
 Cigotuvi's Dreadful Rot  Necr/Alch/Air  0%         N/A       47%         2
 Jinxbite                 Hex            0%         N/A       47%         2
 Confusing Touch          Hex            0%         N/A       71%         3
 Tukima's Dance           Hex            0%         N/A       71%         3
 Dispel Undead            Necr           0%         3d6       98%         4
 Martyr's Knell           Necr/Summ      0%         N/A       98%         4
 Passage of Golubria      Tloc           0%         N/A       98%         4
 Vhi's Electric Charge    Tloc/Air       0%         N/A       98%         4
 Arcjolt                  Conj/Air       0%         1d10      100%        5
 Yara's Violent Unravell  Hex/Alch       0%         3d3       100%        5
 Death Channel            Necr           0%         N/A       100%        6
 Enfeeble                 Hex            0%         N/A       100%        7
 Maxwell's Capacitive Co  Air            0%         ∞         100%        8


Dungeon Overview and Level Annotations

Branches:
Dungeon (6/15)              Sewer (visited)
 Temple: D:4-7

Altars:
Dithmenos
Qazlal
Trog
Uskayaw

Annotations:
D:4 1 transporter, Snipperlap's ghost, amateur GnWn
D:5 Edmund


Innate Abilities, Weirdness & Mutations

You are a hulking beast.
Your limbs bulge with bestial killing power. (Slay +2)
You are very small and have problems with some larger weapons.
You are too small for most types of armour.
You have supernaturally acute eyesight. (SInv)
You cover ground extremely quickly. (Speed+++)


Message History

The kobold brigand is moderately wounded.
You shoot an arrow. The arrow misses the kobold brigand.
The kobold brigand completely misses you.
Okay, then.
The kobold brigand attacks as it pursues you!
The kobold brigand misses you.
The kobold brigand throws a curare-tipped dart.
The curare-tipped dart closely misses you.
The kobold brigand throws a curare-tipped dart.
The curare-tipped dart hits you.
You are poisoned.
You have difficulty breathing.
You feel yourself slow down.
You feel very sick.
You feel very sick.
You feel sick.
The kobold brigand throws a curare-tipped dart.
The curare-tipped dart hits you.
You are more poisoned.
You have difficulty breathing.
You feel as though you will be slow longer.
You feel very sick.
* * * LOW HITPOINT WARNING * * *
You feel very sick.
It was a potion of brilliance.
You feel clever all of a sudden.
* * * LOW HITPOINT WARNING * * *
You feel very sick.
It was a potion of invisibility.
You fade into invisibility!
* * * LOW HITPOINT WARNING * * *
You feel very sick.
It was a potion of might.
You feel very mighty all of a sudden.
* * * LOW HITPOINT WARNING * * *
You feel very sick.
The kobold brigand throws a curare-tipped dart.
The curare-tipped dart hits you.
You are more poisoned.
You have difficulty breathing.
You die...

###...# #.########
......####### #.#
#...........# #.#
#.†.........# #.#
............# #K#
............# #.#
.......###### #.#
.......# #.# .......#
##h######
.......########.......#
.............##..####.#
.............##.....#.#
.............##...#.#.#
.......########...#.#.#
..####............#.#)#
..# ###.....##..##.#.#
..# #.....##.....#.#


You could see a kobold brigand (unable to see you).

Vanquished Creatures
  Sigmund (D:3)
  2 water moccasins
  A sky beast (D:6)
  A phantom (D:5)
  2 brain worms (Sewer)
  3 kobold brigands (Sewer)
  5 scorpions
  A howler monkey (D:6)
  3 bombardier beetles
  A jelly (D:5)
  3 hounds
  A sleepcap (D:5)
  An iguana (D:6)
  3 orc wizards (D:3)
  Ijyb (D:3)
  7 gnolls
  A river rat (Sewer)
  12 adders
  A shadow imp (D:5)
  4 dart slugs
  A ribbon worm (D:3)
  17 orcs
  4 bats
  7 endoplasms
  6 giant cockroaches
  4 goblins
  3 hobgoblins
  15 jackals
  11 kobolds
  3 quokkas (D:4)
  6 ball pythons
  7 frilled lizards
  6 rats
144 creatures vanquished.

Notes
Turn   | Place    | Note
-------+----------+-------------------------------------------
     0 | D:1      | Kenran the Spriggan Hunter began the quest for the Orb.
     0 | D:1      | Reached XP level 1. HP: 10/10 MP: 2/2
    90 | D:1      | Reached XP level 2. HP: 13/14 MP: 3/3
   121 | D:1      | You fall into a shaft and drop 1 floor!
   156 | D:2      | Reached skill level 5 in Ranged Weapons
   156 | D:2      | Reached XP level 3. HP: 18/18 MP: 4/4
   181 | D:2      | Found a faded altar of an unknown god.
   842 | D:2      | Reached XP level 4. HP: 22/22 MP: 5/5
   889 | D:2      | Reached skill level 1 in Shapeshifting
  1156 | D:3      | Reached skill level 6 in Ranged Weapons
  1159 | D:3      | Reached XP level 5. HP: 25/25 MP: 6/6
  1249 | D:3      | Found a hide-covered altar of Uskayaw.
  1370 | D:3      | Found a bloodstained altar of Trog.
  1370 | D:3      | Found a stormy altar of Qazlal.
  1481 | D:3      | Noticed Ijyb
  1603 | D:3      | Noticed Sigmund
  1614 | D:3      | Killed Sigmund
  1615 | D:3      | Reached skill level 7 in Ranged Weapons
  1615 | D:3      | Reached XP level 6. HP: 30/30 MP: 7/7
  2093 | D:3      | Killed Ijyb
  2307 | D:4      | Found a glowing drain.
  2383 | Sewer    | Entered a sewer
  2396 | Sewer    | Reached XP level 7. HP: 33/33 MP: 8/8
  2491 | Sewer    | Reached skill level 8 in Ranged Weapons
  2950 | Sewer    | Reached skill level 9 in Ranged Weapons
  3413 | D:4      | Noticed Snipperlap's ghost (amateur GnWn)
  3416 | D:4      | Found a transporter.
  3619 | D:5      | Entered Level 5 of the Dungeon
  3627 | D:5      | Reached XP level 8. HP: 34/37 MP: 9/9
  3846 | D:5      | Noticed Edmund
  4092 | D:5      | Reached skill level 10 in Ranged Weapons
  4232 | D:5      | Found a shadowy altar of Dithmenos.
  4239 | D:5      | Identified the +0 pair of gloves of Woxzeole {rPois rF+++
                  | rC- MP+9}
  4549 | D:6      | Reached skill level 5 in Dodging
  4814 | D:6      | Reached skill level 11 in Ranged Weapons
  4986 | D:5      | Asphyxiated

Illustrated notes

Levels and vault maps discovered:
D:1:      dpeg_arrival_arbitrary_b, layout_rooms, minmay_misc_feat_secret_circle
D:2:      layout_basic, ebering_ecumenical_altar_webs
D:3:      layout_loops_cross, lemuel_round_altar,
          gammafunk_temple_overflow_wave, kennysheep_generic_room_3, uniq_ijyb,
          uniq_sigmund
D:4:      layout_cave_pools, portal_sewer_entry_f, gammafunk_ghost_smash
D:5:      minmay_spotlight, layout_basic, mainiacjoe_overflow_small_starburst,
          uniq_edmund
D:6:      cheibrodos_thug_alley, layout_rooms

Skill      XL: |  1  2  3  4  5  6  7  8 |
---------------+-------------------------+-----
Ranged Weapons | 5 6 7 9 11 | 11.3
Shapeshifting  | 2 3 4 |  4.0
Dodging        | 3 5 |  5.0
Fighting       | |  1.5
Stealth        | |  1.5

Action                     |  1- 3 |  4- 6 |  7- 9 || total
---------------------------+-------+-------+-------++-------
   Fire: Shortbow          |    83 |   152 |   293 ||   528
    Use: Scroll            |       |       |     8 ||     8
         Potion            |       |       |     3 ||     3
 Armour: Robe              |    14 |     9 |    24 ||    47
  Dodge: Dodged            |    28 |    24 |    75 ||   127
   Form: Beast             |       |     1 |       ||     1

Table legend: (Time is in decaauts)
 A = Elapsed time spent in this place.
 B = Non-inter-level travel time spent in this place.
 C = Inter-level travel time spent in this place.
 D = Time resting spent in this place.
 E = Time spent auto-exploring this place.
 F = Levels seen in this place.
 G = Mean time per level.
                   A        B        C        D        E       F      G
               +--------+--------+--------+--------+--------+-----+--------+
         Total |   3719 |   3586 |    133 |    744 |   1770 |   7 |  531.3 |
       Dungeon |   3041 |   2908 |    133 |    599 |   1434 |   6 |  506.8 |
         Sewer |    677 |    677 |      0 |    145 |    336 |   1 |  677.0 |
               +--------+--------+--------+--------+--------+-----+--------+

Top non-repeatable levels by time:
     D:5: 780 daAuts
     D:3: 775 daAuts
   Sewer: 677 daAuts
     D:2: 521 daAuts
     D:4: 402 daAuts
     D:1: 348 daAuts
     D:6: 214 daAuts
